 Dungeon Crawl Stone Soup version 0.30-a0-219-gf2db51d15e (webtiles) character file.

Game seed: 3488507009875557314

51 Darkkill the Trooper (level 3, -3/24 HPs)
             Began as a Gargoyle Chaos Knight on Oct 7, 2022.
             Was a Plaything of Xom.
             Slain by a kobold
             ... wielding a +0 whip
              (4 damage)
             ... on level 2 of the Dungeon.
             The game lasted 00:03:12 (971 turns).

Darkkill the Trooper (Gargoyle Chaos Knight)         Turns: 971, Time: 00:03:12

Health: -3/24      AC: 12    Str: 15    XL:     3   Next: 83%
Magic:  3/3        EV: 10    Int: 12    God:    Xom [..*...]
Gold:   60         SH:  0    Dex: 11    Spells: 2/2 levels left

rFire   . . .      SeeInvis .    a - +0 mace (chaos)
rCold   . . .      Faith    .    (no shield)
rNeg    + . .      Spirit   .    g - +4 ring mail
rPois   ∞          Reflect  .    (no helmet)
rElec   +          Harm     .    (no cloak)
rCorr   .          Rampage  .    (no gloves)
Will    .....                    (no boots)
Stlth   +.........               (no amulet)
HPRegen 0.24/turn                (no ring)
MPRegen 0.08/turn                (no ring)

@: no status effects
A: sickness immunity, AC +3, negative energy resistance 1, electricity
resistance, torment resistance 1, petrification resistance
a: Renounce Religion


You were on level 2 of the Dungeon.
You worshipped Xom.
You were a toy of Xom.
You visited 1 branch of the dungeon, and saw 2 of its levels.

You collected 60 gold pieces.

Inventory:

Hand Weapons
 a - a +0 mace of chaos (weapon)
 i - a +0 dagger of venom
Missiles
 d - 5 stones
Armour
 b - a +2 leather armour
 g - a +4 ring mail (worn)
Scrolls
 k - a scroll of noise
Potions
 f - a potion of mutation {unknown}
 h - a potion of berserk rage {unknown}
Miscellaneous
 c - a piece from Xom's chessboard (15/15) (quivered)


   Skills:
 + Level 3.8 Fighting
 + Level 3.4 Maces & Flails
 + Level 2.8 Armour
 + Level 1.4 Dodging


You had 2 spell levels left.
You didn't know any spells.
Your spell library was empty.

Dungeon Overview and Level Annotations

Branches:
Dungeon (2/15)

Altars:


Innate Abilities, Weirdness & Mutations

You are immune to sickness and miasma.
Your stone body is resilient. (AC +3)
You are immune to poison.
You resist negative energy. (rN+)
You are resistant to electric shocks. (rElec)
You are resistant to unholy torment.
You are immune to petrification.


Message History

You hit the orc wizard but do no damage.
The orc wizard easily resists.
The orc wizard is heavily wounded.
The orc wizard hits you with a +0 dagger.
The orc hits you but does no damage.
You barely miss the orc wizard.
The orc wizard is heavily wounded.
The orc wizard hits you but does no damage.
The orc barely misses you.
The orc wizard hits you but does no damage.
The orc hits you but does no damage.
You barely miss the orc wizard.
The orc wizard is heavily wounded. "This is how I like it!"
You swap places with the orc.
The orc looks rather confused.
The orc wizard hits you with a +0 dagger.
The orc misses the orc.
You closely miss the orc. The orc wizard barely misses you. The orc misses you.
The orc hits you but does no damage.
You sock the orc!
You kill the orc!
The orc wizard barely misses you.
The orc barely misses the orc wizard.
The orc throws a boomerang.
The boomerang misses you. The kobold barely misses you.
The orc hits you but does no damage. The kobold attacks as you move away!
The kobold barely misses you.
The orc wizard hits you but does no damage.
The orc hits you but does no damage. The orc barely misses you.
Things that are here:
a +0 dagger; a +0 leather armour You barely miss the orc.
The orc seems less confused.
The orc wizard hits you but does no damage.
The orc hits you but does no damage. The orc closely misses you.
The kobold completely misses you.
The orc wizard hits you with a +0 dagger.
The orc barely misses you. The kobold hits you but does no damage.
The orc hits you but does no damage.
You sock the orc!
You kill the orc!
The orc wizard hits you but does no damage.
The orc hits you with a +0 short sword. The kobold hits you but does no damage.
You have reached level 3!
Your experience leads to an increase in your attributes!
Increase (S)trength, (I)ntelligence, or (D)exterity?
You feel agile. x2
You closely miss the orc. The kobold closely misses you.
The orc wizard closely misses you. The orc hits you with a +0 dagger.
The orc barely misses you.
You hit the orc. You freeze the orc.
You kill the orc!
The orc wizard hits you but does no damage.
The kobold hits you but does no damage. The orc hits you with a +0 dagger.
The kobold barely misses you.
The orc wizard hits you but does no damage.
The orc hits you but does no damage.
Things that are here:
a +0 short sword; a +0 leather armour You closely miss the orc wizard.
The orc wizard is moderately wounded.
The kobold barely misses you.
The orc wizard points at you and mumbles some strange words.
You resist with significant effort. The orc barely misses you.
You barely miss the orc wizard.
The orc wizard is moderately wounded.
The kobold misses you.
The orc wizard hits you but does no damage.
The orc hits you but does no damage. x2
The kobold hits you but does no damage. The orc wizard completely misses you.
You hit the orc wizard. You freeze the orc wizard.
The orc wizard is severely wounded.
The kobold hits you with a +0 whip. The orc hits you but does no damage.
The orc wizard points at you and mumbles some strange words.
You resist with significant effort.
You hit the orc wizard.
The orc wizard is poisoned.
The orc wizard is severely wounded.
The orc wizard barely misses you. The kobold hits you but does no damage.
The orc hits you but does no damage.
You barely miss the orc wizard.
The orc wizard is severely wounded.
The kobold hits you but does no damage.
The orc wizard points at you and mumbles some strange words.
You resist with significant effort. The orc closely misses you. x2
The kobold hits you but does no damage.
The orc wizard hits you but does no damage.
You hit the orc wizard but do no damage.
The orc wizard easily resists.
The orc wizard is severely wounded.
The kobold hits you with a +0 whip. The orc barely misses you.
The orc wizard gestures at you while chanting.
The puff of flame hits you!
* * * LOW HITPOINT WARNING * * *
You hit the orc wizard.
You kill the orc wizard!
The kobold barely misses you. The orc closely misses you.
You barely miss the orc. The kobold hits you but does no damage.
The orc hits you with a +0 dagger.
* * * LOW HITPOINT WARNING * * *
You hit the orc but do no damage. Lightning courses through the orc!
You kill the orc!
The kobold hits you with a +0 whip.
You die...

#.###.##
#.#....
###.#.#.#
.<.....#####
..<.......
#...[.#.#
##.#.#...
#.###))K.#$#
#....)@)..<#
#..##....###
#. ##......
###.###.#
##. #. .. ..


You could see a kobold.

Vanquished Creatures
  An orc wizard (D:2)
  4 orcs (D:2)
  4 endoplasms (D:1)
  2 giant cockroaches (D:1)
  2 goblins (D:1)
  2 hobgoblins (D:1)
  A quokka (D:1)
  A bat (D:1)
  A frilled lizard (D:1)
  3 kobolds (D:1)
  2 rats (D:1)
23 creatures vanquished.

Vanquished Creatures (collateral kills)
  A bat (D:1)
1 creature vanquished.

Vanquished Creatures (others)
  4 toadstools (D:1)
4 creatures vanquished.

Grand Total: 28 creatures vanquished

Notes
Turn   | Place    | Note
-------+----------+-------------------------------------------
     0 | D:1      | Darkkill the Gargoyle Chaos Knight began the quest for the
                  | Orb.
     0 | D:1      | Reached XP level 1. HP: 14/14 MP: 1/1
    26 | D:1      | XOM: potion effect (brilliance)
    80 | D:1      | Reached skill level 1 in Dodging
   174 | D:1      | Reached XP level 2. HP: 19/19 MP: 2/2
   954 | D:2      | XOM: swap monsters
   960 | D:2      | Reached XP level 3. HP: 16/24 MP: 3/3
   968 | D:2      | HP: 1/24 [orc wizard/puff of flame (7)]
   971 | D:2      | Slain by a kobold

Illustrated notes

Levels and vault maps discovered:
D:1:      ldierk_walled_garden_2, layout_basic
D:2:      layout_loops_ring, shapermc_ecumenical_altar_ellora, basic_altar

Skill      XL: |  1 |
---------------+----+-----
Dodging        | 1 |  1.4
Fighting       | |  3.8
Maces & Flails | |  3.4
Armour         | |  2.8

Action                   || total
-------------------------++-------
Melee: Mace              ||    80
  Use: Scroll            ||     5
Armor: Leather armour    ||    30
       Ring mail         ||    45
Dodge: Dodged            ||    73

Table legend: (Time is in decaauts)
 A = Elapsed time spent in this place.
 B = Non-inter-level travel time spent in this place.
 C = Inter-level travel time spent in this place.
 D = Time resting spent in this place.
 E = Time spent auto-exploring this place.
 F = Levels seen in this place.
 G = Mean time per level.
                   A        B        C        D        E       F      G
               +--------+--------+--------+--------+--------+-----+--------+
         Total |    990 |    950 |     40 |      0 |    707 |   2 |  495.0 |
       Dungeon |    990 |    950 |     40 |      0 |    707 |   2 |  495.0 |
               +--------+--------+--------+--------+--------+-----+--------+

Top non-repeatable levels by time:
     D:1: 961 daAuts
     D:2: 28 daAuts

Table legend:
 A = Kills in this place as a percentage of kills in entire the game.
 B = Kills by you in this place as a percentage of kills by you in the entire game.
 C = Kills by friends in this place as a percentage of kills by friends in the entire game.
 D = Other kills in this place as a percentage of other kills in the entire game.
 E = Experience gained in this place as a percentage of experience gained in the entire game.
 F = Experience gained in this place divided by the number of levels of this place that you have seen.
                   A       B       C       D       E      F
               +-------+-------+-------+-------+-------+----------------------
         Total | 100.0 | 100.0 | 100.0 |   N/A | 100.0 |  38.5
       Dungeon | 100.0 | 100.0 | 100.0 |   N/A | 100.0 |  38.5
               +-------+-------+-------+-------+-------+----------------------
